Cogmind - Beta 16.1 @@@ ROGUE MODE // 2026.02.20 @ 13:19:34 Player: alice_fexa Result: Destroyed by D-53 Grenadier with Mini Grenade Launcher Performance ------------- Evolutions (0) 0 Regions Visited (2) 400 Robots Destroyed (42) 210 Value Destroyed (882) 882 Prototype IDs (2) 40 Alien Tech Used (0) 0 Bonus (0) 0 TOTAL SCORE: 1532 Bonus ------- None Cogmind --------- Core Integrity 0/250 Matter 300/300 Energy 250/250 System Corruption 1% Temperature Cool (0) Movement Rolling (200) Ox8 Location -10/Mines Parts ------- > --- POWER (1) -------- Ion Engine > --- PROPULSION (2) --- Light Treads Wheel > --- UTILITY (2) ------ Improved Heat Sink Huge Storage Unit > --- WEAPON (2) ------- Medium Laser > --- INVENTORY (25) --- Ion Engine Ion Engine Light Nuclear Core Light Nuclear Core Light Treads Light Treads Light Treads Aluminum Leg Wheel Wheel Heat Sink Heat Sink High-capacity Matter Pod (200) Structural Scanner Seismic Detector ECM Suite Light Armor Plating Light Armor Plating Light Armor Plating EM Pulse Gun Small Laser Small Laser Assault Rifle Light Assault Rifle Light Cannon Peak State ------------ > --- POWER ------------ Ion Engine > --- PROPULSION ------- Light Treads Wheel > --- UTILITY ---------- Improved Heat Sink Huge Storage Unit > --- WEAPON ----------- Medium Laser Beam Cannon > --- INVENTORY -------- Ion Engine Ion Engine Ion Engine Light Nuclear Core Light Nuclear Core Light Treads Light Treads Aluminum Leg Wheel Wheel Heat Sink Heat Sink High-capacity Battery High-capacity Matter Pod Structural Scanner ECM Suite Light Armor Plating Light Armor Plating Light Armor Plating EM Pulse Gun Small Laser Small Laser Assault Rifle Light Assault Rifle Light Cannon [Rating: 11] Favorites ----------- Power Ion Engine Engine Ion Engine Propulsion Light Treads Treads Light Treads Wheel Wheel Utility Huge Storage Unit Device Improved Heat Sink Storage Huge Storage Unit Protection Light Armor Plating Weapon Light Assault Rifle Energy Gun Medium Laser Energy Cannon Beam Cannon Ballistic Gun Light Assault Rifle Build | -11 -10 -10 ------- Run | Yrd Mat Min Slots Evolved . | . . . Power . | . . . Propulsion . | . . . Utility . | . . . Weapon . | . . . Parts Attached 28 | 7 18 3 Power 6 | 1 5 . Engine 6 | 1 5 . Core . | . . . Reactor . | . . . Propulsion 11 | 2 6 3 Treads 3 | 2 1 . Leg . | . . . Wheel 8 | . 5 3 Hover . | . . . Flight . | . . . Utility 7 | 2 5 . Device 3 | 1 2 . Storage 2 | 1 1 . Processor . | . . . Hackware . | . . . Protection 2 | . 2 . Artifact . | . . . Weapon 4 | 2 2 . Energy Gun 1 | . 1 . Energy Cannon 1 | . 1 . Ballistic Gun 2 | 2 . . Ballistic Cannon . | . . . Launcher . | . . . Special Weapon . | . . . Impact Weapon . | . . . Slashing Weapon . | . . . Piercing Weapon . | . . . Special Melee Weapon . | . . . Unidentified Prototypes . | . . . Parts Lost 3 | . 2 1 Power . | . . . Propulsion . | . . . Utility 1 | . 1 . Weapon 2 | . 1 1 Highest Loss Streak 1 | . 1 1 To Critical Strikes . | . . . Average Backups 22 | 3 22 25 Power 4 | . 4 4 Propulsion 4 | 1 4 6 Utility 8 | . 8 9 Weapon 4 | . 4 6 Tool/Special . | . . . Unused Backups 28 | . 7 21 Power 4 | . . 4 Propulsion 5 | . 1 4 Utility 11 | . 3 8 Weapon 8 | . 3 5 Tool/Special . | . . . Average Slot Usage (%) 99 | . 99 100 Engine 14 | . 14 14 Treads 14 | . 14 14 Wheel 13 | . 13 14 Device 5 | . 3 13 Storage 14 | . 14 14 Protection 8 | . 10 . Energy Gun 6 | . 4 14 Energy Cannon 8 | . 6 14 Ballistic Gun 13 | . 16 . Peak Build Rating 11 | 7 11 11 Average Rating 9 | 4 9 10 On Entrance 5 | . 7 10 Avg Prop Armor Cover (%) 10 | . 10 11 Naked Turns . | . . . Heaviest Build 93 | 14 93 93 Greatest Support 40 | 40 40 10 Greatest Overweight (x) 9 | . 9 9 Average Overweight (x) 7 | . 7 9 Largest Inventory Capacity 25 | 8 25 25 Average Capacity 24 | 7 24 25 Most Carried 25 | 4 25 25 Average Carried 22 | 3 22 25 Final Capacity 25 | 8 25 25 Final Carried 25 | 4 25 25 Class Distribution -------------------- 83% | Mutant 16% | Scavenger-Mutant Dominant Class ---------------- Mutant | -10/Materials Scavenger-Mutant | -10/Mines Resources | -11 -10 -10 ----------- Run | Yrd Mat Min Matter Collected 1076 | 310 694 72 Remotely 251 | 195 56 . Salvage Created 1426 | 81 960 385 Parts 87 | 2 63 22 Haulers Intercepted 2 | . 2 . Recyclers Shooed 2 | . 2 . Parts Field Recycled . | . . . Retrieved Matter . | . . . Parts Self-Destructed . | . . . Prevented . | . . . Parts Restored . | . . . Kills | -11 -10 -10 ------- Run | Yrd Mat Min Combat Hostiles Destroyed 22 | . 18 4 Guns 12 | . 11 1 Cannons 9 | . 7 2 Classes Destroyed 9 | 2 6 1 Worker 5 | . 3 2 Builder 1 | . . 1 Tunneler 5 | 1 3 1 Hauler 2 | . 2 . Recycler 3 | 1 . 2 Operator 1 | . 1 . Watcher 3 | . 3 . Swarmer 3 | . 3 . Grunt 19 | . 15 4 Best Kill Streak 5 | 1 3 5 Combat Bots Only 3 | . 3 2 Max Kills in Single Turn 1 | 1 1 1 Gunslinging . | . . . Exploded . | . . . Melee . | . . . Uniques/NPCs Destroyed . | . . . Combat | -11 -10 -10 -------- Run | Yrd Mat Min Hostile Shots Fired 102 | . 77 25 Missed 25 | . 18 7 Hits 77 | . 59 18 Projectile 77 | . 59 18 AOE 1 | . . 1 Critical Strikes 1 | . 1 . Damage Taken 986 | . 696 290 Core 260 | . 162 98 Absorbed by Shields . | . . . Regen/Repaired (Parts) 132 | . 132 . Core Remaining (%) 100 | 100 . . Volleys Fired 127 | 10 91 26 Largest 2 | 2 2 2 Hottest 110 | 40 110 110 Shots Fired 251 | 20 179 52 Gun 188 | 20 142 26 Cannon 63 | . 37 26 Launcher . | . . . Special . | . . . Kinetic 157 | 20 137 . Thermal 94 | . 42 52 Explosive . | . . . Electromagnetic . | . . . Robot Hit Streak 12 | 6 8 12 Robot Miss Streak 3 | 3 3 3 Penetration Max . | . . . Secondary Targets . | . . . Shots Hit Robots 161 | 13 110 38 Core Hits 64 | 4 48 12 Critical Kills 1 | . . 1 Critical Parts Destroyed 1 | . 1 . Critical Strikes 2 | . 1 1 Meltdown 1 | . . 1 Destroy 1 | . 1 . Melee Attacks . | . . . Impact . | . . . Slashing . | . . . Piercing . | . . . Sneak Attacks . | . . . Combat Hostiles . | . . . Follow-up Attacks . | . . . Damage Inflicted 2033 | 115 1347 571 Guns 1188 | 115 849 224 Cannons 841 | . 494 347 Explosions . | . . . Melee . | . . . Ramming 4 | . 4 . Kinetic 927 | 115 812 . Thermal 1102 | . 531 571 Explosive . | . . . Electromagnetic . | . . . Impact . | . . . Slashing . | . . . Piercing . | . . . Highest Corruption 1 | . 1 1 Average Corruption 1 | . 1 1 Corruption Purged . | . . . Corruption Blocked . | . . . Effects 20 | . 13 7 Message Errors 6 | . 3 3 Matter Fused 4 | . 3 1 Heat Flow Errors 3 | . 2 1 Energy Discharges 1 | . 1 . Data Loss (minor) 2 | . 1 1 Data Loss (major) 1 | . 1 . Misfires 1 | . 1 . Alerts 2 | . 1 1 Overload Shots . | . . . Overflow Damage 4 | . 4 . Projectiles 4 | . 4 . Explosions . | . . . Melee . | . . . Knockbacks . | . . . Impact . | . . . Kinetic . | . . . Secondary . | . . . Self-Inflicted Damage 2 | . 2 . Shots . | . . . Rammed 1 | . 1 . Targets Rammed 1 | . 1 . Kicked . | . . . Crushed . | . . . Highest Temperature 340 | . 340 200 Average Temperature 75 | . 88 42 Received Heat Transfer 492 | . 357 135 Siege Activations . | . . . Martial Activations . | . . . Shielding Activations . | . . . Robots Disrupted . | . . . Combat Hostiles . | . . . Robots Corrupted . | . . . Combat Hostiles . | . . . Parts Fried . | . . . Impact Corruptions . | . . . Robots Melted 1 | . . 1 Combat Hostiles 1 | . . 1 Parts Melted 7 | . 4 3 Heat Transferred 2553 | . 1147 1406 Parts Sabotaged . | . . . Parts Stolen . | . . . Parts Stripped . | . . . Power Chain Reactions . | . . . Alert | -11 -10 -10 ------- Run | Yrd Mat Min Maximum Alert Level . | . . . Low Security (%) 100 | 100 100 100 Level 1 . | . . . Level 2 . | . . . Level 3 . | . . . Level 4 . | . . . Level 5 . | . . . High Security . | . . . Max Security . | . . . Peak Influence 198 | 5 198 143 Initial 58 | . 3 58 Average 76 | 1 84 53 Influence Increases 744 | 10 589 145 Destroy 0b10 Robot/C 440 | . 360 80 Destroy 0b10 Robot/NC 100 | 10 60 30 Destroy Leader 120 | . 100 20 Successful Hack 23 | . 23 . Disable Machine 15 | . 15 . Destroy Structure 1 | . 1 . Lose Combat Pursuer 45 | . 30 15 Influence Decreases 744 | 5 444 295 Entered New Map 94 | . 2 92 Time Decay 630 | 5 422 203 Lost Part 20 | . 20 . Squads Dispatched 5 | . 5 . Investigation 2 | . 2 . Extermination . | . . . Reinforcement 3 | . 3 . Assault . | . . . Garrison . | . . . Intercept . | . . . Searches Triggered . | . . . Construction Impeded . | . . . Haulers Reinforced . | . . . Active Scanning Responses . | . . . Cargo Convoy Interrupts . | . . . Stealth | -11 -10 -10 --------- Run | Yrd Mat Min Distress Signals 2 | . 2 . Communications Jammed . | . . . Distress Signals . | . . . Times Spotted 40 | . 34 6 Peak Tracking Total 4 | . 4 3 Tactical Retreats 2 | . 1 1 Traps | -11 -10 -10 ------- Run | Yrd Mat Min Traps Triggered 3 | . 3 . Indirectly . | . . . Trap Hack Attempts . | . . . Triggered . | . . . Disarmed . | . . . Reprogrammed . | . . . Reused . | . . . Traps Extracted . | . . . Installed . | . . . Triggered . | . . . Machines | -11 -10 -10 ---------- Run | Yrd Mat Min Machines Disabled 1 | . 1 . Max in Single Turn 1 | . 1 . Machines Repaired . | . . . Machines Dismantled . | . . . Machines Sabotaged . | . . . Overloaded Fab Kills . | . . . Hacking | -11 -10 -10 --------- Run | Yrd Mat Min Machines Accessed 9 | . 9 . Terminals 6 | . 6 . Fabricators . | . . . Repair Stations 1 | . 1 . Recycling Units 2 | . 2 . Scanalyzers . | . . . Garrison Access . | . . . Total Hacks 30 | . 30 . Successful 17 | . 17 . Failed 13 | . 13 . Catastrophic . | . . . Database Lockouts . | . . . Manual 20 | . 20 . Terminals 23 | . 23 . Fabricators . | . . . Repair Stations 4 | . 4 . Recycling Units 3 | . 3 . Scanalyzers . | . . . Garrison Access . | . . . Terminal Hacks 3 | . 3 . Prototype ID Bank 1 | . 1 . Terminal Index 1 | . 1 . Locate Traps 1 | . 1 . Fabricator Hacks . | . . . Repair Station Hacks 4 | . 4 . Scan Component 2 | . 2 . Repair 2 | . 2 . Recycling Unit Hacks 2 | . 2 . Retrieve Components 2 | . 2 . Scanalyzer . | . . . Garrison Access Hacks . | . . . Unauthorized Hacks 8 | . 8 . Terminals 8 | . 8 . Botnet 2 | . 2 . Operators 1 | . 1 . Skim 5 | . 5 . Fabricators . | . . . Repair Stations . | . . . Recycling Units . | . . . Scanalyzers . | . . . Garrison Access . | . . . Data Cores Recovered . | . . . Used . | . . . Hacking Detections 7 | . 7 . Full Trace Events . | . . . Feedback Events . | . . . Feedback Blocked . | . . . Robot Schematics Acquired . | . . . Robots Built . | . . . Authchips . | . . . Time . | . . . Total Robot Build Rating . | . . . Part Schematics Acquired . | . . . Parts Built . | . . . Authchips . | . . . Time . | . . . Total Part Build Rating . | . . . Part Studies Acquired . | . . . Parts Repaired 2 | . 2 . Time 52 | . 52 . Parts Recycled . | . . . Recycled Matter . | . . . Retrieved Matter . | . . . Retrieved Components 13 | . 13 . Parts Scanalyzed . | . . . Part Schematics Acquired . | . . . Parts Damaged . | . . . Bothacking | -11 -10 -10 ------------ Run | Yrd Mat Min Used RIF Installer . | . . . Robots Hacked . | . . . Non-combat . | . . . Combat . | . . . Robot Hacks Applied . | . . . Relay Couplers Released . | . . . Fabnet Peak Effective % . | . . . Robots Rewired . | . . . Allies Hacked . | . . . Hacks Repelled . | . . . Allies | -11 -10 -10 -------- Run | Yrd Mat Min Total Allies . | . . . Largest Group . | . . . Highest-Rated Group . | . . . Highest-Rated Ally . | . . . Total Orders . | . . . Ally Attacks . | . . . Total Damage . | . . . Kills . | . . . Allies Corrupted . | . . . Allies Melted . | . . . Intel | -11 -10 -10 ------- Run | Yrd Mat Min Active Infowar (turns) 533 | . 533 . Structural 533 | . 533 . Robot Analysis Total . | . . . Derelict Logs Recovered . | . . . Drone Launches . | . . . Drone Recoveries . | . . . Exploration | -11 -10 -10 ------------- Run | Yrd Mat Min Turns Passed 3265 | 99 2591 575 Spaces Moved 1128 | 39 867 222 Core 8 | 8 . . Treads 52 | 31 21 . Legs . | . . . Wheels 1068 | . 846 222 Hover . | . . . Flight . | . . . Fastest Speed 50 | 50 160 215 Average Speed 199 | 137 198 215 Slowest Speed 215 | 160 215 215 Overloaded Moves . | . . . Propulsion Burnouts . | . . . Robots Hopped . | . . . Potential Cave-ins . | . . . Cave-ins Triggered . | . . . Exploration Rate (%) 47 | 4 98 41 Regions Visited 2 Branch Regions 1 Pre-discovered Areas 1 | . 1 . Known Exits Taken . | . . . Unknown Exits Taken 2 | 1 1 . Scrap Searched 1 | . . 1 Spaces Dug . | . . . Terrain Destroyed . | . . . Melee . | . . . Projectile . | . . . AOE . | . . . Terrain Rammed . | . . . Walls Destroyed . | . . . Machines Disabled . | . . . Actions | -11 -10 -10 --------- Run | Yrd Mat Min Total 1920 | 63 1588 269 Wait 569 | 4 555 10 Move 1126 | 38 866 222 Hop . | . . . Pick Up 36 | 4 31 1 Fast Attach 10 | 7 3 . Attach 1 | . 1 . Detach . | . . . Swap 26 | . 20 6 Drop 24 | . 20 4 Fire 127 | 10 91 26 Melee . | . . . Ram 1 | . 1 . Kick . | . . . Crush . | . . . Escape Stasis . | . . . Rewire . | . . . Trap . | . . . Miscellaneous . | . . . Route ------- -11/Scrapyard -10/Materials (discovered 5 exits: [*Mat x3] / [*Min] / [*Sub]) -10/Mines (discovered 2 exits: [*Mat] / [*Sub]) History --------- Turn | Location | Event 68 | -11/Scrapyard | Discovered new exit (range 15) 100 | -11/Scrapyard | Entered Materials 300 | -10/Materials | Build established: Mutant 481 | -10/Materials | Repaired Lgt. Treads 508 | -10/Materials | Repaired Lgt. Armor Plating 543 | -10/Materials | Discovered new exit (range 4) 804 | -10/Materials | Discovered new exit (range 7) 1247 | -10/Materials | Discovered new exit (range 15) 1448 | -10/Materials | Discovered new exit (range 7) 1514 | -10/Materials | Core integrity fell below 50% 1818 | -10/Materials | Discovered new exit (range 10) 2112 | -10/Materials | Learned Storage stockpile data 2227 | -10/Materials | Learned location of 2 exits from Materials 2245 | -10/Materials | Learned location of 1 exit from Storage 2254 | -10/Materials | Learned location of Subcaves (-10) 2691 | -10/Materials | Entered Mines 2732 | -10/Mines | Core integrity fell below 20% 2935 | -10/Mines | Discovered new exit (range 10) 2991 | -10/Mines | Deemed a non-threat by the Exiles lab entrance 3073 | -10/Mines | Build established: Scavenger-Mutant 3207 | -10/Mines | Discovered new exit (range 13) 3217 | -10/Mines | Assembled infested the area 3264 | -10/Mines | Met 8R-AWN 3266 | -10/Mines | Destroyed by D-53 Grenadier with Mini Grenade Launcher Last Messages --------------- 03152_ Dropped Wheel. 03156_ Acquired 10 matter. 03176_ System corrupted: Heat flow error (+234). 03207_ EXIT=FOUND 03217_ ALERT: Infestation in the mines, dispatching Demolisher response squad. 03224_ Searching scrap... 03224_ Found 60 Matter. 03224_ Found Lgt. Cannon. 03224_ Found Power Shielding. 03224_ Found 68 Matter. 03230_ HV Slug penetrates Wall. 03261_ HV Slug penetrates as-95586. 8R-AWN: Hm, I'm not getting any readings that show these Assembled are different than what we have already... But you... you look interesting. Maybe they'll want to see you. Come along little bot, it's safer with us than out here, anyway. 03266_ C-45 Heavy ARC bursts open, deploying its payload. 03266_ D-53 Grenadier unfolds itself. 03266_ Beam Cannon destroyed. Map ----- +----------------------------------------------------+ | ?????????????????????????????????????????????????? | | ?????????????????????????????????????????????????? | | ?????????????????????????????????????????????????? | | ?????????????????????????????????????????????????? | | ?????????????????????????????????????????????????? | | ?????????????????????????????????????????????????? | | ?????????????????????????????????????????????????? | | ?????????????????????????????????????????????????? | | ?????????????????????????????????????????????????? | | ?????????????????????????????????????????????????? | | ?????????????????????????????????????????????????? | | ?????????????????????????????????????????????????? | | ?????????????????????????????????????????????????? | | ???????????????? ????????????????????????????????? | | ????????????????? ""?????????????????????????????? | | ????????????????? """????????????????????????????? | | ?????????????????? ??????????????????????????### | | ??????????????????? ???????????????????????? ? | | ???????????????????# ?????????????????####### #?? | | ???????????????????? ????????????????# = #?? | | ????????????%%??????? ????????????????#%#######?? | | ???????????# %ga#????# ???????????????# #???????? | | ????????????#%%<%% ### #?####?????????#!#???????? | | ?????????????# % %a # ##???????##=#???????? | | ??????????????# % ;; #??????##=%##??????? | | ???????????????????#;; @ #??????# =%=#??????? | | ???????????????????######a ##??????# =* #??????? | | ??????????????????????## #???????## ##?????? | | ??????????????????????# ##???????## #?????? | | ??????????????????????# #????????## ##????? | | ??????????????????????# #####??#####= #????? | | ????????????????#?????# dd #?#% ###### | | ????????????????# ????## ######### #?## ## | | ????????????????# ?????# ##??????## ???# ## ### | | ????????? ?????# ?????# ##???????# ???# #?? | | ???????? ????# ?#### #???????? ???# ####?? | | ??????? ???# ?# !%] #????????? ???# #????? | | ??????? ??# ?# % #????????? ???# #????? | | ?????? #?# ?# ####?????????# #???# #????? | | ??????# ## ## #????????????# #???# #????? | | ???????# #???########## ##### #????? | | ????????# ##??# #????? | | ?????????# #### ######### #### #????? | | ??????##### #?????###!#??# #???## | | ?????# #####????##=%!##?# #??## | | ?????# ##????????#=*|%=### #?## | | ?????? #### ####?????????# * ! ## ### | | ???????????# ##????????????# | | ???????????## ?????????????## | | ????????????### ????????????## ####### ## | +----------------------------------------------------+ Best States ------------- Heat Dissipation 39 Energy Generation 10 Energy Capacity 250 Matter Stores 300 Matter Capacity 300 Sight Range 16 Terrain Scan Density 10 Armor Coverage 150 Evasion (%) 40 Recoil Reduction 2 Item Schematics ----------------- None Robot Schematics ------------------ None Fabricated ------------ Nothing Repaired ---------- Lgt. Treads | 27% | -10/Materials Lgt. Armor Plating | 65% | -10/Materials Studied --------- None Alien Tech Used ----------------- None Achievements -------------- None Challenges ------------ None Game ------ Seed PropulsionLayeredStorage Manual? 0 Play Time 00:12:11 Cumulative 1610.6 hours Start 2026.02.20 @ 13:09:04 End 2026.02.20 @ 13:19:34 Sessions 1 Manual Loads 0 Difficulty Rogue Special Mode None Game No. 1159 Rogue 1119 Adventurer 40 Explorer 0 Win Type - Total 209 Types 94/11/74/2/2/4/16/2/1/3 Lore% 97 Gallery% 95 Achievement% 82 Wizard Run 0 Options --------- Layout 0 ASCII 0 Keyboard 0 Movement Numpad Keybinds 0 Fullscreen 0 Font 20/Terminus Map View 76x50 Zoom Use 0% Tactical HUD 1 Map Filters NONE Filters NONE Steam 1 RUN: e50ea566-d2cd-4b48-9646-789df7052173